 Dungeon Sprint DCSS version 0.26-a0-651-gb41185065b (webtiles) character file.

Game seed: 4187937563477390732

499 NateTC the Protected (level 6, -4/59 HPs)
             Began as a Minotaur Fighter on Sept 28, 2020.
             Slain by a tyrant leech (12 damage)
             ... in the Dungeon (Sprint II: "The Violet Keep of Menkaure").
             The game lasted 00:01:59 (422 turns).

NateTC the Protected (Minotaur Fighter)              Turns: 422, Time: 00:02:00

Health: -4/59      AC:  8    Str: 18    XL:     6   Next: 94%
Magic:  4/4        EV:  9    Int:  5    God:
Gold:   243        SH: 11    Dex:  8    Spells: 5/5 levels left

rFire    . . .     SeeInvis .   a - +0 war axe
rCold    . . .     Faith    .   c - +0 kite shield
rNeg     . . .     Spirit   .   b - +0 scale mail
rPois    .         Reflect  .   (helmet restricted)
rElec    .         Harm     .   (no cloak)
rCorr    .         Rampage  .   (no gloves)
MR       .....     NoTele   +   (no boots)
Stlth    ..........             (no amulet)
HPRegen  0.19/turn              (no ring)
MPRegen  0.09/turn              (no ring)

@: no status effects
A: retaliatory headbutt, horns 2, clumsy 1, frail 1, low mp 1, weak 2
a: no special abilities


You were in the Dungeon.
You visited 1 branch You collected 243 gold pieces.

Inventory:

Hand Weapons
 a - a +0 war axe (weapon)
Armour
 b - a +0 scale mail (worn)
 c - a +0 kite shield (worn)
Scrolls
 j - a scroll of blinking
Potions
 d - a potion of might
 g - a potion of haste
 h - 2 potions of magic


   Skills:
 + Level 10.2 Fighting
 + Level 7.1 Axes
 + Level 10.2 Armour
 + Level 1.6 Dodging
 + Level 9.8 Shields


You had 5 spell levels left.
You didn't know any spells.
Your spell library was empty.

Dungeon Overview and Level Annotations

Branches:
Dungeon (1/1)

Altars:


Innate Abilities, Weirdness & Mutations

You reflexively headbutt those who attack you in melee.
You have a pair of horns on your head.
You are clumsy. (Dex -2)
You are frail. (-10% HP)
Your magical capacity is low. (-10% MP)
You are very weak. (Str -4)


Message History

You open the door. 2 tyrant leeches come into view.
Found 243 gold pieces.
You close the door.
There's nothing to close nearby.
Unknown command.
You open the door. You hit the tyrant leech.
The tyrant leech is lightly wounded.
The tyrant leech bites you!!
Ouch! That really hurt!
The tyrant leech draws strength from your injuries!
You closely miss the tyrant leech. Your headbutt misses the tyrant leech.
The tyrant leech bites you!!
* * * LOW HITPOINT WARNING * * *
The tyrant leech draws strength from your injuries!
Press: ? - help, v - describe, . - travel The floor.
You closely miss the tyrant leech. The tyrant leech bites you!
You die...

# #+# .##
##.##...#
+.<@w#
##.##w.$#
##'## .##
#...# #
#..##.#
### ##


You could see 2 tyrant leeches.

Vanquished Creatures
  4 neqoxecs (D)
4 creatures vanquished.

Vanquished Creatures (others)
  Menkaure (D)
  A crocodile (D)
2 creatures vanquished.

Grand Total: 6 creatures vanquished

Notes
Turn   | Place    | Note
-------+----------+-------------------------------------------
     0 | D        | NateTC the Minotaur Fighter began the quest for the Orb.
     0 | D        | Reached XP level 1. HP: 19/19 MP: 0/0
     1 | D        | Noticed a neqoxec
     1 | D        | Noticed a neqoxec
     1 | D        | Noticed a neqoxec
     1 | D        | Noticed a neqoxec
     3 | D        | Noticed a quasit
     3 | D        | Noticed a quasit
     3 | D        | Gained mutation: You are weak. (Str -2) [a neqoxec]
     5 | D        | Noticed a quasit
     5 | D        | Gained mutation: You are frail. (-10% HP) [a neqoxec]
     8 | D        | Killed a neqoxec
     8 | D        | Reached XP level 2. HP: 11/30 MP: 1/1
     8 | D        | Reached XP level 3. HP: 13/35 MP: 2/2
     8 | D        | Reached XP level 4. HP: 16/42 MP: 3/3
    15 | D        | Gained mutation: Your magical capacity is low. (-10% MP) [a
                  | neqoxec]
    16 | D        | Killed a neqoxec
    16 | D        | Reached skill level 5 in Axes
    16 | D        | Reached XP level 5. HP: 35/50 MP: 3/3
    18 | D        | Gained mutation: You are clumsy. (Dex -2) [a neqoxec]
    31 | D        | Killed a neqoxec
    31 | D        | Reached skill level 1 in Dodging
    31 | D        | Reached XP level 6. HP: 21/59 MP: 4/4
    31 | D        | Gained mutation: You are very weak. (Str -4) [a neqoxec]
    38 | D        | Killed a neqoxec
    38 | D        | Reached skill level 10 in Fighting
    38 | D        | Reached skill level 10 in Armour
    52 | D        | Killed Menkaure
   417 | D        | Noticed a tyrant leech
   417 | D        | Noticed a tyrant leech
   422 | D        | Slain by a tyrant leech

Illustrated notes

Levels and vault maps discovered:
D:        the_violet_keep_of_menkaure [sprint2_stairs_cluster_1,
          sprint2_shoproom, sprint2_temple, sprint2_basic_supplies,
          sprint2_obstacle_7, sprint2_obstacle_6, sprint2_obstacle_1,
          sprint2_obstacle_3, sprint2_obstacle_4, sprint2_timed_cluster_1,
          sprint2_smallroom_cluster_1, sprint2_smallroom_final_cluster_1,
          sprint2_transparent_cluster_1, sprint2_second_timed_cluster_1,
          sprint2_sniper_area_1, sprint2_heavy_combat_area_1,
          sprint2_mutation_trap_area_1, sprint2_forest_area_1,
          sprint2_light_combat_area_1, sprint2_behind_water_1,
          sprint2_near_end_vault_1]

Skill      XL: |  1  2  3  4  5  6 |
---------------+-------------------+-----
Fighting       | 7 8 9 10 | 10.2
Axes           | 4 5 6 7 |  7.1
Armour         | 7 9 10 | 10.2
Shields        | 7 8 9 |  9.8
Dodging        | 1 |  1.6

Action                   |  1- 3 |  4- 6 || total
-------------------------+-------+-------++-------
Melee: War axe           |     7 |    29 ||    36
       Headbutt          |     1 |     3 ||     4
  Use: Potion            |       |     3 ||     3
Armor: Scale mail        |     1 |    15 ||    16
Dodge: Dodged            |     1 |    15 ||    16
Block: Kite shield       |     1 |    24 ||    25

Table legend: (Time is in decaauts)
 A = Elapsed time spent in this place.
 B = Non-inter-level travel time spent in this place.
 C = Inter-level travel time spent in this place.
 D = Time resting spent in this place.
 E = Time spent auto-exploring this place.
 F = Levels seen in this place.
 G = Mean time per level.
                   A        B        C        D        E       F      G
               +--------+--------+--------+--------+--------+-----+--------+
         Total |    440 |    440 |      0 |    383 |      0 |   1 |  440.0 |
       Dungeon |    440 |    440 |      0 |    383 |      0 |   1 |  440.0 |
               +--------+--------+--------+--------+--------+-----+--------+

Top non-repeatable levels by time:
       D: 440 daAuts
